 Dungeon Crawl Stone Soup version 0.30.1-4-g462c640d31 (webtiles) character file.

Game seed: 4062097493995195795

9772 H0rd4k the Martial Artist (level 11, 0/71 HPs)
             Began as an Octopode Artificer on Aug 17, 2023.
             Was an Initiate of Gozag.
             Slain by an unseen horror (6 damage)
             ... on level 10 of the Dungeon.
             The game lasted 00:20:21 (10913 turns).

H0rd4k the Martial Artist (Octopode Artificer)     Turns: 10913, Time: 00:20:22

Health: 0/71       AC:  1    Str: 17    XL:     11   Next: 51%
Magic:  15/15      EV: 21    Int: 18    God:    Gozag
Gold:   1460       SH:  5    Dex: 13    Spells: 10/16 levels left

rFire   x .          .
                       - Unarmed
rCold   + + .        (no shield)
rNeg    . . .        (helmet restricted)
rPois   +            G - amulet of reflection
rElec   +            g - +6 ring of strength
rCorr   .            D - +5 ring of evasion
SInv    .            K - ring of ice
Will    .....        f - ring of protection from cold
Stlth   +++          (no ring)
HPRegen 0.31/turn    (no ring)
MPRegen 0.14/turn    (no ring)
                     (no ring)

%: reflection
@: mighty, studying Fighting
A: almost no armour, amphibious, 8 rings, camouflage 1, gelatinous body 1,
(nimble swimmer 1), tentacles, poison resistance, electricity resistance, no
potion heal 1
a: Renounce Religion, Potion Petition, Call Merchant, Bribe Branch


You were on level 10 of the Dungeon.
You worshipped Gozag.
Gozag was most pleased with you.
You visited 2 branches of the dungeon, and saw 12 of its levels.
You also visited: Bailey.

You collected 1522 gold pieces.
You paid 62 gold pieces to Gozag.

Inventory:

Hand Weapons
 j - a +3 spear
 v - a +2 dagger of venom
Missiles
 i - 4 curare-tipped darts
 o - 15 poisoned darts
 p - 2 boomerangs of dispersal
 y - 4 throwing nets
Magical Staves
 d - a staff of conjuration
 A - a staff of fire
Jewellery
 f - a ring of protection from cold (on tentacle)
 g - a +6 ring of strength (left tentacle)
 D - a +5 ring of evasion (right tentacle)
 G - an amulet of reflection (around mantle)
 K - a ring of ice (on tentacle)
Wands
 n - a wand of digging (6)
Scrolls
 b - 2 scrolls of immolation {unknown}
 e - 5 scrolls of vulnerability
 h - 2 scrolls of amnesia
 k - a scroll of fog {unknown}
 q - a scroll of torment
 s - 4 scrolls of teleportation
 t - a scroll of magic mapping
 x - 2 scrolls of butterflies
 F - a scroll of fear {unknown}
 J - a scroll of noise {unknown}
 L - 2 scrolls of blinking {unknown}
Potions
 a - 3 potions of haste {unknown}
 c - 2 potions of heal wounds
 l - 2 potions of brilliance
 m - a potion of mutation
 w - 4 potions of curing {unknown}
 z - 2 potions of resistance {unknown}
 B - a potion of lignification {unknown}
 C - 2 potions of flight {unknown}
 H - a potion of attraction {unknown}
 I - 2 potions of degeneration {unknown}


   Skills:
 + Level 5.0 Fighting
 + Level 7.9 Dodging
 + Level 3.0 Stealth
 - Level 12.3 Unarmed Combat
 * Level 3.1 Spellcasting
 * Level 2.0 Transmutations
 - Level 9.1 Evocations


You had 10 spell levels left.
You knew the following spells:

 Your Spells              Type           Power      Damage    Failure   Level
a - Passwall              Tmut/Erth      5%         N/A       16%         2
b - Ice Form              Ice/Tmut       9%         N/A       71%         4

Your spell library contained the following spells:

 Spells                   Type           Power      Damage    Failure   Level
 Magic Dart               Conj           8%         1d3       16%         1
 Call Imp                 Summ           4%         N/A       24%         2
 Ensorcelled Hibernation  Hex/Ice        8%         N/A       24%         2
 Hailstorm                Conj/Ice       4%         3d4       43%         3
 Mephitic Cloud           Conj/Pois/Air  2%         N/A       43%         3
 Stone Arrow              Conj/Erth      4%         3d7       43%         3
 Summon Guardian Golem    Hex/Summ       2%         N/A       43%         3
 Swiftness                Air            2%         N/A       43%         3
 Tukima's Dance           Hex            2%         N/A       43%         3
 Passage of Golubria      Tloc           2%         N/A       85%         4
 Sticky Flame             Conj/Fire      2%         2d3       85%         4
 Alistair's Intoxication  Tmut/Pois      4%         N/A       96%         5
 Yara's Violent Unravell  Hex/Tmut       3%         3d4       96%         5
 Borgnjor's Vile Clutch   Necr/Erth      1%         N/A       99%         5
 Eringya's Noxious Bog    Tmut/Pois      3%         N/A       100%        6
 Orb of Destruction       Conj           1%         9d5       100%        7
 Spellforged Servitor     Conj/Summ      1%         N/A       100%        7
 Lehudib's Crystal Spear  Conj/Erth      1%         10d2      100%        8
 Animate Armour           Summ/Erth      Unusable   N/A       N/A         4
 Simulacrum               Ice/Necr       Unusable   N/A       N/A         6

Dungeon Overview and Level Annotations

Branches:
Dungeon (11/15)            Temple (1/1) D:5            Lair (0/5) D:9
 Bailey (visited)
    Orc: D:9-12

Altars:
Ashenzari
Cheibriados
Elyvilon
Fedhas
Gozag
Hepliaklqana
Kikubaaqudgha
Makhleb
Nemelex Xobeh
Okawaru
Qazlal
Sif Muna
Trog
Uskayaw
Vehumet
Wu Jian
Yredelemnul
Zin

Shops:
D:6 (

Annotations:
D:7 1 runed translucent door, exclusion: door, Crazy Yiuf
D:8 Maurice
D:9 exclusions: upstairs and 2 yaks
D:11 exclusion: upstairs


Innate Abilities, Weirdness & Mutations

You cannot wear most types of armour.
You are amphibious.
You can wear up to eight rings at the same time.
Your skin changes colour to match your surroundings (Stealth+).
Your rubbery body absorbs attacks. (AC +1, EV +1)
((You are camouflaged when in or above water. (Stealth+)))
You have tentacles for arms and can constrict up to eight enemies at once.
Your system is resistant to poisons. (rPois)
You are resistant to electric shocks. (rElec)
Potions are less effective at restoring your health.


Message History

The deep elf pyromancer casts a spell at you.
The bolt of fire misses you.
The bolt of fire hits the gnoll!!
The gnoll dies!
Your Stealth skill increases to level 3!
Your Transmutations skill increases to level 2!
You tentacle-slap the gnoll. Your grab misses the gnoll.
The gnoll is moderately wounded.
The deep elf pyromancer casts a spell.
The gnoll completely misses you.
You batter the gnoll!!
You kill the gnoll!
The gnoll is distracted by your dazzling golden aura.
Items here: $ )) [.
The gnoll is no longer distracted by gold.
There is a stone staircase leading up here.
This staircase is marked as excluded!
Enter next level anyway?
You climb upwards.
There is a stone staircase leading down here.
Something hits you.
Deactivating autopickup; reactivate with Ctrl-A.
Something hits you. Something misses you. Something barely misses you.
You block the yak's attack. Something closely misses you. Something hits you!
Something hits you. Something barely misses you.
There is an open door here.
The yak attacks as you move away! The yak misses you.
There is an open door here.
Something hits you! Something hits you but does no damage. Something hits you.
* * * LOW HITPOINT WARNING * * *
Something hits you.
* * * LOW HITPOINT WARNING * * *
There is an open door here.
Something hits you!
* * * LOW HITPOINT WARNING * * *
Something hits you.
You die...
Your body crumbles into a pile of gold.

#......# #......# #####'## #..#
### #.## ..# ######'###
############# ..# #......Y.#
###...........# ..#
###...>....###.'...........#
..###.'........'@..#...........#
..##..#........#####....<......#
..'..#######'### #######'#####
..#### ##...# ##..# ..# #..###
#..## ### #.## #.## #
##'######## ####.##### #
#.........# #........#
########.........# #........#


You could see a yak.

Vanquished Creatures
  2 vault guards (Bailey)
  A boulder beetle (D:8)
  An ugly thing (D:11)
  Maggie (D:7)
  A troll (D:10)
  2 komodo dragons (D:9)
  A hornet (D:8)
  Prince Ribbit (Bailey)
  A ynoxinul (D:10)
  A yak (D:10)
  6 humans (Bailey)
  2 steam dragons
  8 vampire mosquitoes
  4 orc warriors
  3 ice beasts
  An ogre (D:5)
  A sky beast (D:7)
  2 centaurs
  3 phantoms
  A kobold brigand (D:7)
  12 bullfrogs
  2 gnoll sergeants
  2 scorpions
  A jelly (D:7)
  3 gnoll boudas
  3 hounds
  8 orc priests
  8 iguanas
  16 orc wizards
  16 gnolls
  8 adders
  A white imp (D:7)
  2 ufetubi
  5 dart slugs
  47 orcs
  4 endoplasms
  A giant cockroach (D:1)
  12 goblins
  9 hobgoblins
  5 quokkas
  11 ball pythons
  2 bats
  6 frilled lizards
  12 kobolds
  6 rats
245 creatures vanquished.

Vanquished Creatures (collateral kills)
  A hound (D:5)
  An orc priest (D:4)
  3 gnolls (D:5)
  An adder (D:5)
  3 orcs (D:4)
9 creatures vanquished.

Vanquished Creatures (others)
  An orc wizard (D:4)
  A gnoll (D:11)
  An adder (D:5)
  An orc (D:4)
4 creatures vanquished.

Grand Total: 258 creatures vanquished

Notes
Turn   | Place    | Note
-------+----------+-------------------------------------------
     0 | D:1      | H0rd4k the Octopode Artificer began the quest for the Orb.
     0 | D:1      | Reached XP level 1. HP: 13/13 MP: 1/1
   142 | D:1      | Reached XP level 2. HP: 7/18 MP: 2/2
   516 | D:1      | Reached XP level 3. HP: 23/23 MP: 3/3
   760 | D:2      | Reached skill level 1 in Unarmed Combat
   970 | D:2      | Reached XP level 4. HP: 28/28 MP: 4/4
  1377 | D:3      | Reached skill level 2 in Unarmed Combat
  1645 | D:3      | Reached XP level 5. HP: 18/33 MP: 5/5
  2480 | D:4      | Found a basalt altar of Yredelemnul.
  2495 | D:4      | Reached skill level 3 in Unarmed Combat
  2701 | D:4      | Noticed an ice beast
  2705 | D:4      | Killed an ice beast
  2706 | D:4      | Reached XP level 6. HP: 39/39 MP: 6/6
  2737 | D:4      | Reached skill level 4 in Unarmed Combat
  3235 | D:4      | Reached skill level 5 in Evocations
  3235 | D:4      | Reached XP level 7. HP: 21/45 MP: 7/7
  3926 | D:5      | Entered Level 5 of the Dungeon
  3926 | D:5      | Found a staircase to the Ecumenical Temple.
  4001 | D:5      | Reached skill level 5 in Unarmed Combat
  4037 | Temple   | Entered the Ecumenical Temple
  4094 | Temple   | Became a worshipper of Gozag Ym Sagoz the Greedy
  4226 | D:5      | Reached XP level 8. HP: 6/51 MP: 8/8
  4432 | D:5      | Reached skill level 6 in Unarmed Combat
  4479 | D:5      | Found a hide-covered altar of Uskayaw.
  4741 | D:5      | Reached skill level 5 in Dodging
  5121 | D:6      | Found an ornate altar of the Wu Jian Council.
  5632 | D:6      | Found Xunnin's Weapon Boutique.
  5688 | D:6      | Reached skill level 7 in Unarmed Combat
  6335 | D:7      | Found a flagged portal.
  6385 | Bailey   | Entered a bailey
  6395 | Bailey   | Reached XP level 9. HP: 49/55 MP: 9/9
  6403 | Bailey   | Reached skill level 8 in Unarmed Combat
  6501 | Bailey   | HP: 1/56 [human/+0 war axe (11)]
  6535 | Bailey   | Reached skill level 9 in Unarmed Combat
  6749 | Bailey   | Noticed Prince Ribbit
  6767 | Bailey   | Noticed a vault guard
  6776 | Bailey   | Killed a vault guard
  6777 | Bailey   | Reached skill level 10 in Unarmed Combat
  6777 | Bailey   | Reached XP level 10. HP: 52/63 MP: 10/10
  6778 | Bailey   | Killed Prince Ribbit
  6784 | Bailey   | Noticed a vault guard
  6797 | Bailey   | Killed a vault guard
  7211 | D:7      | Identified the +2 flail of Anxiety {venom, Int+2}
  7454 | D:7      | Found a runed translucent door.
  7455 | D:7      | Noticed Crazy Yiuf
  7475 | D:7      | Noticed Maggie
  7482 | D:7      | Killed Maggie
  7483 | D:7      | Reached skill level 11 in Unarmed Combat
  8421 | D:8      | Found a white marble altar of Elyvilon.
  8518 | D:8      | Noticed a boulder beetle
  8522 | D:8      | Killed a boulder beetle
  8523 | D:8      | Reached skill level 1 in Spellcasting
  8523 | D:8      | Reached XP level 11. HP: 70/70 MP: 10/12
  8739 | D:8      | Reached skill level 12 in Unarmed Combat
  8943 | D:8      | Noticed Maurice
  9493 | D:9      | Found a staircase to the Lair.
  9564 | D:9      | Found a sparkling altar of Nemelex Xobeh.
  9989 | D:9      | Found a broken altar of Ashenzari.
  9993 | D:9      | Saw a vision of the Shoals and the Snake Pit.
  9993 | D:9      | Noticed a harpy
  9993 | D:9      | Noticed a skyshark
  9993 | D:9      | Noticed a merfolk impaler
  9994 | D:9      | Noticed an anaconda
 10056 | D:9      | Identified a scroll of acquirement
 10056 | D:9      | Acquired a manual of Fighting
 10068 | D:10     | Entered Level 10 of the Dungeon
 10323 | D:10     | Learned a level 2 spell: Passwall
 10341 | D:10     | Learned a level 4 spell: Ice Form
 10360 | D:10     | Gained mutation: Your system is resistant to poisons.
                  | (rPois) [potion of mutation]
 10360 | D:10     | Gained mutation: Potions are less effective at restoring
                  | your health. [potion of mutation]
 10360 | D:10     | Gained mutation: You are resistant to electric shocks.
                  | (rElec) [potion of mutation]
 10372 | D:10     | Found a bloodstained altar of Trog.
 10383 | D:10     | Found a shimmering blue altar of Sif Muna.
 10391 | D:10     | Got Sif Muna's Parchment of Lava
 10475 | D:10     | Reached skill level 1 in Transmutations
 10865 | D:11     | Noticed a white ugly thing
 10882 | D:11     | Noticed a deep elf pyromancer
 10883 | D:11     | Killed a white ugly thing
 10884 | D:11     | Reached skill level 5 in Fighting
 10913 | D:10     | Slain by an unseen horror

Illustrated notes

Levels and vault maps discovered:
D:1:      lemuel_arrival_hallway, layout_rooms, serial_forest,
          infiniplex_forest_lined_2, infiniplex_forest_clump_curved,
          infiniplex_forest_clump_double, infiniplex_forest_corner_1,
          infiniplex_forest_end_2, infiniplex_forest_straight_2,
          chequers_serial_rivers_micro_c
D:2:      layout_rooms, serial_park_tiny_2, nrook_campfire, hex_medium
D:3:      layout_basic, minmay_shallow_snake_nest
D:4:      layout_layer_cave, mainiacjoe_overflow_six_doors_small
D:5:      layout_rooms, eat_drink_and_be_merry_uskayaw,
          minmay_temple_entry_slanted
D:6:      layout_cave_pods, mainiacjoe_overflow_tiny_flanked, serial_shops,
          nicolae_shop_bloodbath_and_beyond
D:7:      layout_loops_ring, enter_bailey_4, grunt_ministairs_13, sigmund_army,
          uniq_maggie, uniq_crazy_yiuf_cottage
D:8:      layout_basic, general_overflow_altar, hangedman_abyss_or_decor_stabs,
          nicolae_wwwww, uniq_maurice
D:9:      layout_big_octagon, mainiacjoe_overflow_chevrons,
          grunt_ashenzari_visionary [grunt_ashenzari_visionary_shoals,
          grunt_ashenzari_visionary_snake], lemuel_coloured_pillars_altar,
          david_lair_shrubbed, minmay_lizard_king
D:10:     layout_roguey, nicolae_ru_path_of_blood,
          nzn_overflow_gifts_of_might_and_magic
D:11:     kennysheep_ambush_hall, layout_rooms, gammafunk_ghost_split,
          nicolae_shop_sticking_my_neck_out
Temple:   nicolae_temple_ecumenical_triangle

Skill      XL: |  1  2  3  4  5  6  7  8  9 10 11 |
---------------+----------------------------------+-----
Dodging        | 3 4 5 7 |  7.9
Unarmed Combat | 1 2 3 4 5 7 10 11 12 | 12.3
Evocations     | 4 5 6 7 8 9 |  9.1
Fighting       | 2 4 5 |  5.0
Spellcasting   | 1 3 |  3.1
Stealth        | 3 |  3.0
Transmutations | 2 |  2.0

Action                     |  1- 3 |  4- 6 |  7- 9 | 10-12 || total
---------------------------+-------+-------+-------+-------++-------
  Melee: Unarmed           |    89 |    97 |   172 |   248 ||   606
         Tentacles         |    20 |    18 |    38 |    64 ||   140
         Constrict         |    20 |    22 |    35 |    46 ||   123
         Punch             |       |     2 |     5 |    18 ||    25
  Evoke: Wand              |     2 |    25 |    35 |    24 ||    86
    Use: Scroll            |       |       |     1 |     8 ||     9
         Potion            |       |       |       |     5 ||     5
   Stab: Sleeping          |     9 |     4 |     3 |     4 ||    20
         Distracted        |       |     1 |     1 |     2 ||     4
 Armour: Skin              |     3 |     3 |     5 |     8 ||    19
  Dodge: Dodged            |    43 |    61 |   124 |   162 ||   390
  Block: Other             |       |       |       |    22 ||    22
